 Dungeon Crawl Stone Soup version 0.31-a0-473-g61b50ae490 (webtiles) character file.

Game seed: 537433074237213255

323 Gorglomux the Changeling (level 7, -2/57 HPs)
             Began as a Meteoran Shapeshifter on Aug 6, 2023.
             Slain by a gnoll
             ... wielding a +0 spear
              (7 damage)
             ... on level 4 of the Dungeon.
             The game lasted 00:06:58 (1722 turns).

Gorglomux the Changeling (Meteoran Shapeshifter)    Turns: 1722, Time: 00:06:58

Health: -2/57      AC:  2    Str: 18    XL:     7   Next: 6%
Magic:  8/8        EV: 14    Int:  9    God:
Gold:   172        SH:  0    Dex: 16    Spells: 6/6 levels left

rFire   + . .        j - +8 mace of Bodily Humours {venom, rF+}
rCold   . . .        (no shield)
rNeg    . . .        a - +0 animal skin
rPois   .            (helmet currently unavailable)
rElec   .            (cloak currently unavailable)
rCorr   .            (gloves currently unavailable)
SInv    .            (boots currently unavailable)
Will    .....        (no amulet)
Stlth   +            (no ring)
HPRegen 0.29/turn    (no ring)
MPRegen 0.11/turn

%: no passive effects
@: beast-form, glowing
A: beast (slay +3), sense surroundings 1, otherworldly, glowing, explore regen
a: Begin Untransformation


You were on level 4 of the Dungeon.
You were a hulking beast.
You visited 1 branch of the dungeon, and saw 4 of its levels.

You collected 172 gold pieces.

Inventory:

Hand Weapons
 j - the +8 mace of Bodily Humours (weapon) {venom, rF+}
   (You found it on level 2 of the Dungeon)

   rF:        It protects you from fire.
Missiles
 t - 3 boomerangs
Armour
 a - a +0 animal skin (worn)
 d - a scarf of shadows
 h - a +0 chain mail
Talismans
 c - a beast talisman (active)
Scrolls
 f - 2 scrolls of enchant weapon
 k - a scroll of fog
 l - a scroll of fear {unknown}
 m - a scroll of enchant armour {unknown}
Potions
 n - a potion of haste {unknown}


   Skills:
 + Level 3.5 Fighting
 + Level 2.9 Armour
 + Level 4.4 Dodging
 - Level 4.0 Unarmed Combat
 + Level 4.8 Shapeshifting


You had 6 spell levels left.
You didn't know any spells.
Your spell library contained the following spells:

 Spells                   Type           Power      Damage    Failure   Level
 Sublimation of Blood     Necr           0%         N/A       52%         2
 Wereblood                Tmut           0%         N/A       52%         2
 Summon Hydra             Summ           0%         N/A       100%        7


Dungeon Overview and Level Annotations

Branches:
Dungeon (4/15) Zot: 660
 Temple: D:4-7

Altars:
Kikubaaqudgha

Shops:
D:1 :

Annotations:
D:1 1 transporter


Innate Abilities, Weirdness & Mutations

You are a hulking beast.
Your limbs bulge with bestial killing power. (Slay +3)
You passively map a small area around you.
You are easily found by Zot.
You glow in the dark.
You regain HP and MP as you explore.


Message History

There is a stone staircase leading down here.
You sock the giant cockroach!
You kill the giant cockroach!
The gnoll closely misses you.
You sock the gnoll!
You kill the gnoll!
You climb downwards.
The adder closely misses you. The gnoll hits you with a +0 whip!
There is a stone staircase leading up here.
You thump the gnoll!
The gnoll is poisoned.
The gnoll is severely wounded.
The adder bites you. The gnoll barely misses you.
The gnoll hits you from afar with a +0 spear.
The adder bites you.
* * * LOW HITPOINT WARNING * * *
The gnoll hits you with a +0 whip.
* * * LOW HITPOINT WARNING * * *
The gnoll hits you from afar with a +0 spear.
* * * LOW HITPOINT WARNING * * *
Really quaff the potion of lignification?
Your transformation has ended.
You turn into a tree.
Your +0 animal skin melds into your body.
Your roots penetrate the ground.
The adder bites you but does no damage. The gnoll hits you but does no damage.
You hit the gnoll.
You kill the gnoll!
The adder bites you but does no damage. x2
The gnoll hits you but does no damage.
You have reached level 7!
You aren't carrying any items that you can evoke.
You hit the adder.
The adder is poisoned.
The adder is heavily wounded.
The adder bites you but does no damage. The gnoll hits you but does no damage.
The adder bites you but does no damage.
You hit the adder.
The adder looks as sick as possible!
The adder is almost dead.
You kill the adder!
The gnoll hits you but does no damage. x2
It was a potion of enlightenment.
Your roots keep you in place.
The gnoll hits you but does no damage.
It was a potion of cancellation.
Your magical effects are unravelling.
You feel magically purged.
You feel less wooden.
Your +0 animal skin unmelds from your body.
You turn into a hulking beast.
Your enlightenment fades.
The gnoll hits you from afar with a +0 spear!
You die...

, , * , , ,
#......# ,
#......+ , ,
*#########(.....#
,, , ,
*..............#*
, ,
..............#,,
, .......^......+
.......).†)...#
,,
,........g.h...#
* ,
#+#######+##### ,
, , , * , , , , ,
, , , * , * *, ,
, , , , ,


You could see a gnoll.

Vanquished Creatures
  Sigmund (D:3)
  Jessica (D:3)
  Terence (D:3)
  3 gnolls
  5 adders
  A dart slug (D:3)
  7 endoplasms
  2 giant cockroaches (D:3)
  2 goblins
  3 hobgoblins
  4 jackals (D:3)
  3 kobolds
  3 quokkas
  A ball python (D:1)
  4 bats (D:1)
  4 frilled lizards
  3 rats
48 creatures vanquished.

Notes
Turn   | Place    | Note
-------+----------+-------------------------------------------
     0 | D:1      | Gorglomux the Meteoran Shapeshifter began the quest for the
                  | Orb.
     0 | D:1      | Reached XP level 1. HP: 16/16 MP: 2/2
   106 | D:1      | Reached XP level 2. HP: 11/23 MP: 3/3
   322 | D:1      | Found Dapor's Book Shoppe.
   452 | D:1      | Reached XP level 3. HP: 28/28 MP: 4/4
   502 | D:1      | Glimpsed the power of Zot.
   636 | D:2      | Found an ancient bone altar of Kikubaaqudgha.
   656 | D:2      | Reached skill level 3 in Dodging
   669 | D:2      | Identified the +8 mace of Bodily Humours {venom, rF+}
   728 | D:2      | Found a faded altar of an unknown god.
   819 | D:2      | Reached XP level 4. HP: 36/36 MP: 5/5
  1100 | D:2      | Glimpsed the power of Zot.
  1217 | D:3      | Noticed Terence
  1222 | D:3      | Killed Terence
  1223 | D:3      | Reached skill level 1 in Armour
  1311 | D:3      | Reached XP level 5. HP: 31/42 MP: 6/6
  1416 | D:3      | Noticed Jessica
  1421 | D:3      | Killed Jessica
  1422 | D:3      | Noticed Sigmund
  1520 | D:3      | Killed Sigmund
  1521 | D:3      | Reached skill level 3 in Fighting
  1521 | D:3      | Reached XP level 6. HP: 19/51 MP: 7/7
  1687 | D:3      | Glimpsed the power of Zot.
  1719 | D:4      | Reached XP level 7. HP: 6/57 MP: 8/8
  1722 | D:4      | Slain by a gnoll

Illustrated notes

Levels and vault maps discovered:
D:1:      spicycebolla_arrival_transporter_tutorial, layout_basic, serial_shops,
          nicolae_shop_stone
D:2:      layout_loops_cross, shapermc_ecumenical_altar_petra, basic_altar,
          minmay_misc_feat_secret_circle
D:3:      layout_loops_ring, minmay_misc_feat_chi, uniq_terence, uniq_sigmund,
          uniq_jessica
D:4:      layout_gridville, elyvilon_altar_4, serial_shops, nicolae_shop_trees

Skill      XL: |  1  2  3  4  5 |
---------------+----------------+-----
Unarmed Combat | 4 |  4.0
Dodging        | 3 4 |  4.4
Fighting       | 2 3 |  3.5
Shapeshifting  | 4 |  4.8
Armour         | 1 2 |  2.9

Action                     |  1- 3 |  4- 6 |  7- 9 || total
---------------------------+-------+-------+-------++-------
  Melee: Unarmed           |    48 |       |       ||    48
         Punch             |     3 |       |       ||     3
         Mace              |     4 |    42 |     2 ||    48
    Use: Scroll            |       |     3 |       ||     3
         Potion            |       |     1 |     2 ||     3
 Armour: Animal skin       |    10 |     6 |       ||    16
         Skin              |       |     5 |     6 ||    11
  Dodge: Dodged            |    21 |    27 |       ||    48

Table legend: (Time is in decaauts)
 A = Elapsed time spent in this place.
 B = Non-inter-level travel time spent in this place.
 C = Inter-level travel time spent in this place.
 D = Time resting spent in this place.
 E = Time spent auto-exploring this place.
 F = Levels seen in this place.
 G = Mean time per level.
                   A        B        C        D        E       F      G
               +--------+--------+--------+--------+--------+-----+--------+
         Total |   1738 |   1608 |    130 |      0 |    471 |   4 |  434.5 |
       Dungeon |   1738 |   1608 |    130 |      0 |    471 |   4 |  434.5 |
               +--------+--------+--------+--------+--------+-----+--------+

Top non-repeatable levels by time:
     D:2: 615 daAuts
     D:3: 583 daAuts
     D:1: 518 daAuts
     D:4: 21 daAuts
